 Dungeon Crawl Stone Soup version 0.27.1-1-g398f81649c (webtiles) character file.

Game seed: 16945581451629240802

46 zdrol the Cudgeller (level 3, -1/33 HPs)
             Began as a Minotaur Monk on Sept 6, 2021.
             Slain by a gnoll (8 damage)
             ... on level 1 of the Dungeon.
             The game lasted 00:03:24 (1140 turns).

zdrol the Cudgeller (Minotaur Monk)                 Turns: 1140, Time: 00:03:24

Health: -1/33      AC:  3    Str: 16    XL:     3   Next: 44%
Magic:  2/2        EV: 13    Int:  7    God:
Gold:   163        SH:  0    Dex: 12    Spells: 2/2 levels left

rFire    . . .     SeeInvis .   a - +0 mace
rCold    . . .     Faith    .   (no shield)
rNeg     . . .     Spirit   .   b - +0 robe
rPois    .         Reflect  .   (helmet restricted)
rElec    .         Harm     .   g - +0 cloak
rCorr    .         Rampage  .   (no gloves)
Will     .....                  (no boots)
Stlth    ++........             (no amulet)
HPRegen  0.11/turn              (no ring)
MPRegen  0.08/turn              (no ring)

@: no status effects
A: horns 2, retaliatory headbutt
a: no special abilities


You were on level 1 of the Dungeon.
You visited 1 branch of the dungeon, and saw 2 of its levels.

You collected 163 gold pieces.

Inventory:

Hand Weapons
 a - a +0 mace (weapon)
Armour
 b - a +0 robe (worn)
 g - a +0 cloak (worn)
Scrolls
 f - a scroll of identify
Potions
 c - a potion of magic
 d - a potion of experience {unknown}
 e - a potion of flight {unknown}


   Skills:
 + Level 4.1 Fighting
 + Level 4.3 Maces & Flails
 + Level 3.9 Dodging
 + Level 1.9 Stealth


You had 2 spell levels left.
You didn't know any spells.
Your spell library was empty.

Dungeon Overview and Level Annotations

Branches:
Dungeon (2/15)

Altars:

Shops:
D:1 ?


Innate Abilities, Weirdness & Mutations

You have a pair of horns on your head.
You reflexively headbutt those who attack you in melee.


Message History

The gnoll is heavily wounded.
The gnoll closely misses you. You furiously retaliate!
You headbutt the gnoll. The gnoll misses you.
You barely miss the gnoll.
The gnoll is almost dead.
The gnoll misses you. You furiously retaliate!
You headbutt the gnoll!
You kill the gnoll!
Your Fighting skill increases to level 4!
You start resting.
HP restored.
You climb downwards.
The adder bites you. The gnoll hits you with a +0 club.
The gnoll hits you with a +0 whip.
There is a stone staircase leading up, spattered with blood here.
The adder closely misses you. The gnoll hits you with a +0 club.
The gnoll closely misses you. The adder closely misses you.
You climb upwards.
There is a stone staircase leading down here.
You closely miss the gnoll. Your headbutt misses the gnoll.
The gnoll hits you with a +0 club.
You hit the gnoll. You headbutt the gnoll!
You kill the gnoll!
The adder barely misses you.
You have reached level 3!
Your experience leads to an increase in your attributes!
Increase (S)trength, (I)ntelligence, or (D)exterity?
You feel stronger.
You barely miss the adder. The adder barely misses you.
You furiously retaliate!
You headbutt the adder. The adder bites you.
* * * LOW HITPOINT WARNING * * *
You miss the adder. Your headbutt misses the adder.
The adder is moderately wounded.
The adder bites you.
* * * LOW HITPOINT WARNING * * *
You hit the adder. Your headbutt misses the adder.
The adder is moderately wounded.
The adder barely misses you. x2; You furiously retaliate!
You headbutt the adder!
You kill the adder!
The gnoll hits you with a +0 whip!
You die...

#.# #....# ####†........# #. #.#
####.###............# #. #.#
#........[.......# #.
..#########..#.∩...........#####.
.............#...#.>.............
.##########............(#########
.# ##.######.....### .#
#.####)>.......# .#
#....@g........#
.###########.####.........#
.............# ####...####
############## #...# #...# #####


You could see a gnoll.

Vanquished Creatures
  2 gnolls (D:1)
  An adder (D:1)
  An endoplasm (D:1)
  4 goblins
  A hobgoblin (D:2)
  A quokka (D:1)
  3 ball pythons
  3 bats (D:1)
  2 frilled lizards (D:1)
  A kobold (D:1)
  2 rats (D:1)
21 creatures vanquished.

Notes
Turn   | Place    | Note
-------+----------+-------------------------------------------
     0 | D:1      | zdrol the Minotaur Monk began the quest for the Orb.
     0 | D:1      | Reached XP level 1. HP: 19/19 MP: 0/0
   629 | D:1      | Reached XP level 2. HP: 25/27 MP: 1/1
   638 | D:1      | Found Iddoix's Magic Scroll Shoppe.
   724 | D:1      | You fall into a shaft and drop 1 floor!
   724 | D:2      | Found a faded altar of an unknown god.
  1137 | D:1      | Reached XP level 3. HP: 12/33 MP: 2/2
  1140 | D:1      | Slain by a gnoll

Illustrated notes

Levels and vault maps discovered:
D:1:      amcnicky_arrival_wind_blow, layout_loops_ring, serial_glass,
          glass_columns_b, glass_columns_c, serial_shops, shop_coins
D:2:      layout_rooms, shapermc_ecumenical_altar_flowoftime, uniq_natasha

Skill      XL: |  1  2 |
---------------+-------+-----
Maces & Flails | 4 |  4.3
Fighting       | 4 |  4.1
Dodging        | |  3.9
Stealth        | |  1.9

Action                   || total
-------------------------++-------
Melee: Mace              ||    48
       Headbutt          ||     6
  Use: Scroll            ||     2
 Stab: Sleeping          ||     3
Armor: Robe              ||    20
Dodge: Dodged            ||    46
